 Dungeon Crawl Stone Soup version 0.29-a0-830-gcb1280458a (webtiles) character file.

Game seed: 8424116944643502029

486 Riddle the Ducker (level 7, -6/42 (44) HPs)
             Began as a Kobold Monk on July 11, 2022.
             Mangled by a gnoll bouda
             ... wielding a +0 whip
              (8 damage)
             ... on level 4 of the Dungeon on July 12, 2022.
             The game lasted 00:06:52 (5275 turns).

Riddle the Ducker (Kobold Monk)                     Turns: 5275, Time: 00:06:53

HP:   -6/42 (44)    AC:  3    Str:  8    XL:     7   Next: 35%
MP:   7/7           EV: 17    Int: 12    God:
Gold: 204           SH:  0    Dex: 19    Spells: 6/6 levels left

rFire   . . .      SeeInvis .   a - +0 long sword
rCold   . . .      Faith    .   (no shield)
rNeg    . . .      Spirit   .   p - +0 robe
rPois   .          Reflect  .   v - +1 hat
rElec   .          Harm     .   (no cloak)
rCorr   .          Rampage  .   (no gloves)
Will    .....                   (no boots)
Stlth   ++++......              (no amulet)
HPRegen 0.14/turn               (no ring)
MPRegen 0.10/turn               (no ring)

@: weakened, lightly drained
A: small, no large weapons, nightstalker 3
a: no special abilities


You were on level 4 of the Dungeon.
You visited 1 branch of the dungeon, and saw 5 of its levels.

You collected 204 gold pieces.

Inventory:

Hand Weapons
 a - a +0 long sword (weapon)
 b - a +0 dagger
Armour
 p - a +0 robe (worn)
 v - a +1 hat (worn)
 y - a +0 pair of gloves
Jewellery
 j - a ring of flight
Scrolls
 e - 2 scrolls of noise
 g - 3 scrolls of immolation
 h - 2 scrolls of blinking
 k - a scroll of amnesia {unknown}
 m - a scroll of vulnerability {unknown}
 n - a scroll of acquirement {unknown}
 o - 3 scrolls of silence
 q - 3 scrolls of enchant weapon {unknown}
 s - a scroll of magic mapping {unknown}
 x - a scroll of poison {unknown}
Potions
 c - a potion of ambrosia
 d - 5 potions of curing
 f - a potion of lignification {unknown}
 i - a potion of attraction {unknown}
 l - a potion of resistance {unknown}
 r - a potion of cancellation {unknown}
 t - a potion of degeneration {unknown}
 u - a potion of mutation {unknown}
 w - 2 potions of brilliance {unknown}


   Skills:
 + Level 4.8 Fighting
 * Level 4.5 Long Blades
 + Level 5.3 Dodging
 + Level 5.2 Stealth


You had 6 spell levels left.
You didn't know any spells.
Your spell library contained the following spells:

 Spells                   Type           Power      Damage    Failure   Level
 Slow                     Hex            0%         N/A       32%         1
 Scorch                   Fire           0%         2d5       45%         2
 Confusing Touch          Hex            0%         N/A       69%         3
 Vampiric Draining        Necr           0%         2d6       69%         3
 Flame Wave               Conj/Fire      0%         2d4       97%         4
 Summon Cactus Giant      Summ           0%         N/A       100%        6


Dungeon Overview and Level Annotations

Branches:
Dungeon (5/15)
 Temple: D:4-7

Altars:
Gozag
Hepliaklqana

Shops:
D:2 !   D:5 (

Annotations:
D:5 exclusion: black bear


Innate Abilities, Weirdness & Mutations

You are small and have problems with some larger weapons.
You are completely attuned to the shadows.


Message History

The gnoll hits you from afar with a +0 spear.
You climb upwards.
There is a stone staircase leading down here.
Unknown command.
You hit the gnoll.
You kill the gnoll!
The gnoll bouda hits you with a +0 whip!
You are too injured to fight recklessly!
Unknown command.
You are too injured to fight recklessly!
You are too injured to fight recklessly!
You hit the gnoll bouda but do no damage.
The gnoll bouda barely misses you.
You slash the gnoll bouda!
The gnoll bouda is heavily wounded.
The gnoll bouda closely misses you.
The gnoll bouda hits you with a +0 whip.
You barely miss the gnoll bouda.
The gnoll bouda is heavily wounded.
The gnoll bouda hits you with a +0 whip!
* * * LOW HITPOINT WARNING * * *
You barely miss the gnoll bouda.
The gnoll bouda is heavily wounded.
The gnoll bouda hits you with a +0 whip.
* * * LOW HITPOINT WARNING * * *
You hit the gnoll bouda but do no damage.
The gnoll bouda is heavily wounded.
The gnoll bouda barely misses you.
You barely miss the gnoll bouda.
The gnoll bouda is heavily wounded.
The gnoll bouda completely misses you.
You barely miss the gnoll bouda.
The gnoll bouda is heavily wounded.
The gnoll bouda completely misses you.
You barely miss the gnoll bouda.
The gnoll bouda is heavily wounded.
The gnoll bouda gazes fiercely through you!
You feel your attacks grow feeble.
The gnoll bouda hits you with a +0 whip!
You die...

#.......#.#
#.#.....#.##
#.#..(.....#
#.......#.)#
#.......#>.#
#..###.....#
#..###.#.#########
#).....#.# #......
#@##.###.###.#####
#g)..........#
####.#.###.###
#.#.# #.#
#.#.###.#
#.##...## #.###.##
###### #.# #.#
#.....
#.###.####.####


You could see a gnoll bouda.

Vanquished Creatures
  2 necrophages
  A scorpion (D:4)
  A hound (D:4)
  An orc priest (D:5)
  2 orc wizards (D:5)
  5 gnolls
  9 adders
  A worm (D:3)
  4 dart slugs
  2 orcs (D:4)
  4 ball pythons
  3 endoplasms
  2 giant cockroaches
  7 goblins
  14 hobgoblins
  3 quokkas
  6 bats
  A frilled lizard (D:1)
  2 kobolds
  A rat (D:3)
71 creatures vanquished.

Vanquished Creatures (others)
  A fungus (D:2)
  A plant (D:2)
2 creatures vanquished.

Grand Total: 73 creatures vanquished

Notes
Turn   | Place    | Note
-------+----------+-------------------------------------------
     0 | D:1      | Riddle the Kobold Monk began the quest for the Orb.
     0 | D:1      | Reached XP level 1. HP: 14/14 MP: 1/1
   201 | D:1      | Reached XP level 2. HP: 4/19 MP: 2/2
   894 | D:2      | Found a faded altar of an unknown god.
   992 | D:2      | Reached XP level 3. HP: 19/23 MP: 3/3
  1045 | D:2      | Found Dawasmog's Distillery.
  1643 | D:2      | Found a hazy altar of Hepliaklqana.
  1676 | D:2      | Reached XP level 4. HP: 27/29 MP: 4/4
  2204 | D:3      | Reached XP level 5. HP: 25/33 MP: 5/5
  2410 | D:3      | Found an opulent altar of Gozag.
  3219 | D:4      | Reached XP level 6. HP: 13/38 MP: 6/6
  4037 | D:4      | Reached skill level 5 in Dodging
  4156 | D:5      | Entered Level 5 of the Dungeon
  4156 | D:5      | Found Igoyf's Weapon Boutique.
  4303 | D:5      | Noticed a black bear
  4322 | D:5      | Reached XP level 7. HP: 25/44 MP: 7/7
  4486 | D:5      | Identified the +7 hand axe of Vanity {vorpal, Drain rCorr
                  | Dex+2}
  4701 | D:5      | Reached skill level 5 in Stealth
  5262 | D:4      | Upgraded the game from 0.29-a0-825-g72347fce65 to
                  | 0.29-a0-830-gcb1280458a
  5271 | D:4      | HP: 1/42 [gnoll bouda/+0 whip (4)]
  5275 | D:4      | Mangled by a gnoll bouda

Illustrated notes

Levels and vault maps discovered:
D:1:      dpeg_arrival_pits, layout_rooms
D:2:      layout_basic, shapermc_ecumenical_altar_petra, basic_altar,
          serial_shops, nicolae_shop_stone
D:3:      layout_basic, pf_just_have_faith
D:4:      layout_loops_ring, minmay_diced_spiral
D:5:      layout_cave_pools, minmay_overflow_temple_star_hex, serial_shops,
          nicolae_stop_n_shop_1, kennysheep_generic_room_16

Skill      XL: |  1  2  3  4  5  6  7 |
---------------+----------------------+-----
Stealth        | 3 4 5 |  5.2
Dodging        | 4 5 |  5.3
Long Blades    | 3 4 |  4.5
Fighting       | 4 |  4.8

Action                   |  1- 3 |  4- 6 |  7- 9 || total
-------------------------+-------+-------+-------++-------
Melee: Falchion          |    77 |   130 |       ||   207
       Dagger            |       |     7 |       ||     7
       Punch             |       |     3 |       ||     3
       Long sword        |       |    14 |    41 ||    55
  Use: Scroll            |       |     5 |       ||     5
 Stab: Sleeping          |    16 |    14 |       ||    30
       Distracted        |       |     2 |       ||     2
Armor: Robe              |     7 |    10 |     3 ||    20
Dodge: Dodged            |    51 |   110 |    37 ||   198

Table legend: (Time is in decaauts)
 A = Elapsed time spent in this place.
 B = Non-inter-level travel time spent in this place.
 C = Inter-level travel time spent in this place.
 D = Time resting spent in this place.
 E = Time spent auto-exploring this place.
 F = Levels seen in this place.
 G = Mean time per level.
                   A        B        C        D        E       F      G
               +--------+--------+--------+--------+--------+-----+--------+
         Total |   5307 |   5143 |    164 |   1398 |   3000 |   5 | 1061.4 |
       Dungeon |   5307 |   5143 |    164 |   1398 |   3000 |   5 | 1061.4 |
               +--------+--------+--------+--------+--------+-----+--------+

Top non-repeatable levels by time:
     D:4: 1627 daAuts
     D:2: 1096 daAuts
     D:3: 995 daAuts
     D:1: 803 daAuts
     D:5: 785 daAuts
